 Dungeon Sprint DCSS version 0.29-a0-857-g9b1aa3ac5b (webtiles) character file.

Game seed: 12489791182959562037

3039 manyhoops the Fencer (level 10, -1/95 HPs)
             Began as a Human Berserker on July 16, 2022.
             Was a High Priest of Trog.
             Slain by a tentacle (10 damage)
             ... attached to a kraken
             ... in the Dungeon (Sprint II: "The Violet Keep of Menkaure").
             The game lasted 00:03:56 (596 turns).

manyhoops the Fencer (Human Berserker)               Turns: 596, Time: 00:03:56

Health: -1/95      AC: 13    Str: 22      XL:     10   Next: 11%
Magic:  10/10      EV:  8    Int:  7 (8)  God:    Trog [*****.]
Gold:   21         SH:  0    Dex:  9 (10) Spells: 9/9 levels left

rFire   + . .      SeeInvis .   i - +1 falchion (drain)
rCold   . . .      Faith    .   (no shield)
rNeg    . . .      Spirit   .   a - +2 chain mail {rF+}
rPois   .          Reflect  .   (no helmet)
rElec   .          Harm     .   (no cloak)
rCorr   .          Rampage  .   (no gloves)
Will    .....      NoTele   +   j - +0 pair of boots
Stlth   ..........              (no amulet)
HPRegen 0.25/turn               (no ring)
MPRegen 0.12/turn               (no ring)

@: mighty, unable to read
A: clumsy 1, deterioration 1, inability to read while threatened 1
a: Renounce Religion, Berserk, Trog's Hand, Brothers in Arms


You were in the Dungeon.
You worshipped Trog.
Trog was extremely pleased with you.
You visited 1 branch You collected 972 gold pieces.
You spent 951 gold pieces at shops.

Inventory:

Hand Weapons
 i - a +1 falchion of draining (weapon)
Armour
 a - a +2 chain mail of fire resistance (worn)
 b - a +0 animal skin
 j - a +0 pair of boots (worn)
Scrolls
 h - a scroll of blinking
 m - 4 scrolls of identify
 n - a scroll of fear
 o - a scroll of torment {unknown}
Potions
 d - 3 potions of heal wounds
 e - a potion of haste
 f - 2 potions of magic
 g - a potion of berserk rage
 k - a potion of might
 l - a potion of flight


   Skills:
 + Level 14.6 Fighting
 + Level 16.0 Long Blades
 * Level 6.4 Armour
 - Level 2.0 Dodging


You had 9 spell levels left.
You didn't know any spells.
Your spell library was empty.

Dungeon Overview and Level Annotations

Branches:
Dungeon (1/1)

Altars:
Cheibriados
Dithmenos
Elyvilon
Fedhas
Gozag
Hepliaklqana
Kikubaaqudgha
Makhleb
Nemelex Xobeh
Okawaru
Qazlal
Ru
Sif Muna
Trog
Uskayaw
Vehumet
Wu Jian
Xom
Yredelemnul
Zin
The Shining One
Jiyva
Lugonu

Shops:
D !?:[:!::?[![=(=

Annotations:
D exclusion: oklob plant


Innate Abilities, Weirdness & Mutations

You are clumsy. (Dex -2)
Your body sometimes deteriorates upon taking damage.
You occasionally lose the ability to read scrolls when taking damage.


Message History

The tentacle slaps you but does no damage.
You see here a water moccasin corpse.
A tentacle segment bursts forth from the water.
The tentacle slaps you but does no damage. x2
Tentacles burst out of the water!
A tentacle comes into view.
The tentacle slaps you! The tentacle slaps you!!
You feel threatened and lose the ability to read scrolls!
Your body deteriorates!
You feel dopey.
You see here a water moccasin corpse.
Found a sparkling altar of Nemelex Xobeh.
The tentacle barely misses you.
There is an open door here.
You enter the shallow water.
Moving in this stuff is going to be slow.
Found an iron altar of Okawaru and an opulent altar of Gozag.
You can read scrolls again.
There is an open door here.
You enter the shallow water.
Moving in this stuff is going to be slow.
You feel the effects of Trog's Hand fading.
You open the door.
Found six items.
Tentacles burst out of the water! 2 tentacles come into view.
There is an open door here.
Found eight items.
The tentacle slaps you!
You feel threatened and lose the ability to read scrolls!
* * * LOW HITPOINT WARNING * * *
You see here 3 potions of flight.
The tentacle slaps you but does no damage.
You see here a scroll labelled ZOWNEDU EHESS.
Your skin stops crawling.
You feel less strong-willed.
The tentacle slaps you but does no damage.
You see here 8 gold pieces.
The tentacle slaps you!!
* * * LOW HITPOINT WARNING * * *
Your body deteriorates!
You feel clumsy.
You see here a potion of haste.
Found the Orb of Zot.
The tentacle slaps you!
You die...

0.. ▓▓▓▓▓▓▓▓▓
§≈≈≈≈≈≈§▓▓ ▓▓▓▓▓▓▓▓▓▓
!$)(?)!!▓▓ ▓!)$?$?((▓▓
+^### )▓?)(?$$$$▓▓
^..####▓!?!)$)?@▓▓
#..##.#▓[??!?$w!▓▓
+..#..#▓???$!/$$▓▓
#..#..#▓$[!(<(??▓▓
##^.##.#▓[$![!\[!▓▓
###...##▓▓▓▓▓▓▓\▓▓▓▓+▓
..≈≈≈≈≈≈≈≈≈≈†≈§.\wX≈≈▓
..≈#'########§###Vww≈▓
..≈#.._._._.#≈§§##≈≈≈▓


You could see a kraken and 3 tentacles.

Vanquished Creatures
  A yaktaur (D)
  A hornet (D)
  3 polar bears (D)
  A blink frog (D)
  2 wyverns (D)
  4 neqoxecs (D)
  Menkaure (D)
  3 water moccasins (D)
  4 necrophages (D)
  4 scorpions (D)
24 creatures vanquished.

Vanquished Creatures (others)
  A water moccasin (D)
  8 tentacles (D)
9 creatures vanquished.

Grand Total: 33 creatures vanquished

Notes
Turn   | Place    | Note
-------+----------+-------------------------------------------
     0 | D        | manyhoops the Human Berserker began the quest for the Orb.
     0 | D        | Reached XP level 1. HP: 18/18 MP: 1/1
     1 | D        | Noticed a scorpion
     1 | D        | Noticed a scorpion
     1 | D        | Noticed a scorpion
     1 | D        | Noticed a scorpion
     5 | D        | Killed a scorpion
     6 | D        | Reached skill level 6 in Long Blades
     6 | D        | Reached XP level 2. HP: 28/28 MP: 2/2
     6 | D        | Reached XP level 3. HP: 34/34 MP: 3/3
     6 | D        | Reached XP level 4. HP: 40/40 MP: 4/4
    11 | D        | Killed a scorpion
    12 | D        | Reached skill level 7 in Long Blades
    12 | D        | Reached XP level 5. HP: 48/48 MP: 5/5
    13 | D        | Reached ** piety under Trog
    14 | D        | Reached skill level 8 in Long Blades
    19 | D        | Reached skill level 9 in Long Blades
    19 | D        | Reached XP level 6. HP: 54/57 MP: 6/6
    51 | D        | Reached skill level 10 in Long Blades
    63 | D        | Reached XP level 7. HP: 26/65 MP: 7/7
    68 | D        | Reached *** piety under Trog
    69 | D        | Reached skill level 10 in Fighting
    69 | D        | Reached skill level 11 in Long Blades
    84 | D        | Found Gahizonk's Jewellery Shop.
    84 | D        | Found Usauskanoi's Antique Weapon Boutique.
    84 | D        | Found Seguor's Distillery.
    84 | D        | Found Riochato's Antique Armour Shop.
    84 | D        | Found Medete's Antique Armour Boutique.
    84 | D        | Found Kerazam's Magic Scroll Shop.
   124 | D        | Found Noastrito's Book Shop.
   125 | D        | Found Xerphef's Book Shop.
   125 | D        | Found Jage's Distillery.
   126 | D        | Found Akiet's Jewellery Boutique.
   127 | D        | Found Noesmyl's Book Shop.
   127 | D        | Found Debragg's Armour Boutique.
   127 | D        | Noticed Menkaure
   127 | D        | Noticed an oklob plant
   128 | D        | Found Sisapur's Magic Scroll Shop.
   128 | D        | Found Reomik's Distillery.
   128 | D        | Found Mopoly's Book Shoppe.
   128 | D        | Noticed a slime creature
   128 | D        | Noticed a slime creature
   129 | D        | Bought a glowing falchion for 132 gold pieces
   134 | D        | Noticed a slime creature
   143 | D        | Killed Menkaure
   144 | D        | Reached skill level 12 in Long Blades
   150 | D        | Noticed a water moccasin
   150 | D        | Noticed a water moccasin
   151 | D        | Noticed a water moccasin
   156 | D        | Bought 2 potions of heal wounds for 120 gold pieces
   161 | D        | Bought a pair of boots for 112 gold pieces
   179 | D        | Noticed a neqoxec
   179 | D        | Noticed a neqoxec
   179 | D        | Noticed a neqoxec
   179 | D        | Noticed a neqoxec
   190 | D        | Killed a neqoxec
   191 | D        | Reached XP level 8. HP: 25/75 MP: 8/8
   198 | D        | Gained mutation: You are clumsy. (Dex -2) [a neqoxec]
   205 | D        | Reached skill level 13 in Long Blades
   212 | D        | Reached **** piety under Trog
   214 | D        | Gained mutation: Your body sometimes deteriorates upon
                  | taking damage. [a neqoxec]
   216 | D        | Gained mutation: You occasionally lose the ability to read
                  | scrolls when taking damage. [a neqoxec]
   285 | D        | Noticed a wyvern
   285 | D        | Noticed a wyvern
   290 | D        | Killed a wyvern
   293 | D        | Killed a wyvern
   294 | D        | Reached skill level 14 in Long Blades
   294 | D        | Reached XP level 9. HP: 84/84 MP: 9/9
   323 | D        | Bought a +2 chain mail of fire resistance for 301 gold
                  | pieces
   334 | D        | Bought 2 potions of might for 112 gold pieces
   334 | D        | Bought a potion of flight for 42 gold pieces
   336 | D        | Bought a scroll of identify for 22 gold pieces
   336 | D        | Bought a scroll of identify for 22 gold pieces
   336 | D        | Bought a scroll of identify for 22 gold pieces
   336 | D        | Bought a scroll of identify for 22 gold pieces
   336 | D        | Bought a scroll of fear for 44 gold pieces
   344 | D        | Noticed a blink frog
   376 | D        | Killed a blink frog
   395 | D        | Found a hazy altar of Hepliaklqana.
   395 | D        | Found a snail-covered altar of Cheibriados.
   396 | D        | Found a stormy altar of Qazlal.
   396 | D        | Found a viscous altar of Jiyva.
   396 | D        | Found a shadowy altar of Dithmenos.
   428 | D        | Found a sacrificial altar of Ru.
   428 | D        | Found an ancient bone altar of Kikubaaqudgha.
   428 | D        | Found a white marble altar of Elyvilon.
   429 | D        | Found an ornate altar of the Wu Jian Council.
   429 | D        | Found a shimmering blue altar of Sif Muna.
   429 | D        | Found a corrupted altar of Lugonu.
   430 | D        | Found a shimmering altar of Xom.
   430 | D        | Found a bloodstained altar of Trog.
   430 | D        | Found a burning altar of Makhleb.
   431 | D        | Found a glowing golden altar of the Shining One.
   431 | D        | Found a basalt altar of Yredelemnul.
   431 | D        | Found a hide-covered altar of Uskayaw.
   433 | D        | Found a blossoming altar of Fedhas.
   435 | D        | Noticed a polar bear
   435 | D        | Noticed a polar bear
   435 | D        | Noticed a polar bear
   436 | D        | Noticed a hornet
   456 | D        | Killed a polar bear
   460 | D        | Killed a polar bear
   461 | D        | Reached skill level 15 in Long Blades
   506 | D        | Noticed a yaktaur
   523 | D        | Killed a hornet
   523 | D        | Reached ***** piety under Trog
   528 | D        | Killed a yaktaur
   529 | D        | Reached skill level 5 in Armour
   533 | D        | Killed a polar bear
   543 | D        | Found a glowing silver altar of Zin.
   543 | D        | Found a radiant altar of Vehumet.
   553 | D        | Noticed a kraken
   570 | D        | Reached XP level 10. HP: 38/95 MP: 10/10
   574 | D        | Reached skill level 16 in Long Blades
   586 | D        | Found a sparkling altar of Nemelex Xobeh.
   587 | D        | Found an iron altar of Okawaru.
   587 | D        | Found an opulent altar of Gozag.
   596 | D        | Slain by a tentacle

Illustrated notes

Levels and vault maps discovered:
D:        the_violet_keep_of_menkaure [sprint2_stairs_cluster_1,
          sprint2_shoproom, sprint2_temple, sprint2_basic_supplies,
          sprint2_obstacle_5, sprint2_obstacle_7, sprint2_obstacle_2,
          sprint2_obstacle_6, sprint2_obstacle_1, sprint2_timed_cluster_1,
          sprint2_smallroom_cluster_1, sprint2_smallroom_final_cluster_1,
          sprint2_transparent_cluster_1, sprint2_second_timed_cluster_1,
          sprint2_sniper_area_1, sprint2_heavy_combat_area_1,
          sprint2_mutation_trap_area_1, sprint2_forest_area_1,
          sprint2_light_combat_area_1, sprint2_behind_water_1,
          sprint2_near_end_vault_1]

Skill      XL: |  1  2  3  4  5  6  7  8  9 10 |
---------------+-------------------------------+-----
Fighting       | 6 7 8 9 11 12 14 | 14.6
Long Blades    | 6 7 9 10 12 14 15 16 | 16.0
Armour         | 6 |  6.4
Dodging        | |  2.0

Action                   |  1- 3 |  4- 6 |  7- 9 | 10-12 || total
-------------------------+-------+-------+-------+-------++-------
Melee: Falchion          |     2 |    40 |   127 |     4 ||   173
       Punch             |       |     1 |     2 |       ||     3
Invok: Berserk           |     1 |     1 |     6 |       ||     8
       Trog's Hand       |       |     1 |     5 |     1 ||     7
  Use: Potion            |       |       |     2 |       ||     2
Armor: Animal skin       |       |     1 |     4 |       ||     5
       Chain mail        |       |       |    39 |     7 ||    46
Dodge: Dodged            |       |    24 |    27 |     2 ||    53

Table legend: (Time is in decaauts)
 A = Elapsed time spent in this place.
 B = Non-inter-level travel time spent in this place.
 C = Inter-level travel time spent in this place.
 D = Time resting spent in this place.
 E = Time spent auto-exploring this place.
 F = Levels seen in this place.
 G = Mean time per level.
                   A        B        C        D        E       F      G
               +--------+--------+--------+--------+--------+-----+--------+
         Total |    646 |    646 |      0 |    177 |      0 |   1 |  646.0 |
       Dungeon |    646 |    646 |      0 |    177 |      0 |   1 |  646.0 |
               +--------+--------+--------+--------+--------+-----+--------+

Top non-repeatable levels by time:
       D: 646 daAuts
